 Dungeon Sprint DCSS version 0.29-a0-40-g8eb35efe60 (webtiles) character file.

Game seed: 17492860963876936092

23299 mhtbhm the Fencer (level 13, 0/121 HPs)
             Began as a Human Fighter on Feb 1, 2022.
             Was an Initiate of Gozag.
             Slain by a spark wasp (25 damage)
             ... in the Dungeon (Sprint IX: "|||||||||||||||||||||||||||||").
             The game lasted 00:07:03 (3273 turns).

mhtbhm the Fencer (Human Fighter)                   Turns: 3273, Time: 00:07:04

Health: 0/121      AC: 26    Str: 21    XL:     13   Next: 34%
Magic:  13/13      EV: 16    Int:  9    God:    Gozag
Gold:   6242       SH:  7    Dex: 13    Spells: 12/12 levels left

rFire   . . .      SeeInvis .   a - +8 demon blade "Leech" {vamp, Harm Drain rN+}
rCold   + . .      Faith    .   c - +0 buckler
rNeg    + . .      Spirit   .   b - +2 plate armour {rC+}
rPois   +          Reflect  .   g - +0 helmet
rElec   .          Harm     +   m - +0 cloak
rCorr   .          Rampage  .   n - +0 pair of gloves
Will    .....      NoTele   +   B - +1 pair of boots
Stlth   ..........              (no amulet)
HPRegen 0.30/turn               v - ring "Ricuj" {rPois EV+4}
MPRegen 0.13/turn               o - +2 ring of evasion

@: spiked, slowed, very slow
A: no striking features
a: Renounce Religion, Potion Petition, Call Merchant, Bribe Branch


You were in the Dungeon.
You worshipped Gozag.
Gozag was greatly pleased with you.
You visited 1 branch You collected 9985 gold pieces.
You spent 2361 gold pieces at shops.
You paid 1382 gold pieces to Gozag.

Inventory:

Hand Weapons
 a - the +8 demon blade "Leech" (weapon) {vamp, Harm Drain rN+}
   (You found it in the Dungeon)

   It heals its wielder for a portion of the damage dealt every time it strikes
   a living foe.
   rN:        It protects you from negative energy.
   Drain:     It drains your maximum health when unequipped.
   Harm:      It increases damage dealt and taken.
 i - a +2 scimitar of flaming
Missiles
 u - 3 throwing nets (quivered)
Armour
 b - a +2 plate armour of cold resistance (worn)
 c - a +0 buckler (worn)
 g - a +0 helmet (worn)
 m - a +0 cloak (worn)
 n - a +0 pair of gloves (worn)
 B - a +1 pair of boots (worn)
 G - the +0 pair of fencer's gloves {Riposte Dex+3}
   (You bought it in a shop in the Dungeon)

   It allows the wearer to riposte with melee weapons, swiftly retaliating
   against missed attacks.
   Dex:       It affects your dexterity (+3).
Jewellery
 o - a +2 ring of evasion (right hand)
 s - a ring of poison resistance
 v - the ring "Ricuj" (left hand) {rPois EV+4}
   (You bought it in a shop in the Dungeon)

   [ring of evasion]

   EV:        It affects your evasion (+4).
   rPois:     It protects you from poison.
 z - a ring of see invisible
 A - a ring of fire
Wands
 l - a wand of iceblast (4)
Scrolls
 j - 2 scrolls of blinking
 k - 3 scrolls of amnesia
 q - 6 scrolls of enchant armour
 r - a scroll of fear
 t - 2 scrolls of fog
 x - a scroll of immolation
 y - a scroll of brand weapon {unknown}
 E - 2 scrolls of enchant weapon
 F - a scroll of identify
Potions
 d - 3 potions of resistance
 e - 6 potions of heal wounds
 f - 3 potions of curing
 h - 4 potions of magic
 p - 2 potions of might
 w - a potion of attraction
 C - a potion of brilliance
 D - a potion of mutation


   Skills:
 + Level 17.6 Fighting
 + Level 19.3 Long Blades
 + Level 14.2 Armour
 + Level 10.5 Dodging
 + Level 6.2 Stealth
 + Level 12.0 Shields
 + Level 3.1 Evocations


You had 12 spell levels left.
You didn't know any spells.
Your spell library was empty.

Dungeon Overview and Level Annotations

Branches:
Dungeon (1/1)

Altars:
Cheibriados
Dithmenos
Elyvilon
Fedhas
Gozag
Hepliaklqana
Kikubaaqudgha
Makhleb
Nemelex Xobeh
Okawaru
Qazlal
Ru
Sif Muna
Trog
Uskayaw
Vehumet
Wu Jian
Xom
Yredelemnul
Zin
The Shining One
Beogh
Jiyva
Lugonu

Shops:
D *([![


Message History

A tarantella comes into view.
The steelbarb worm hits you!
Barbed spikes become lodged in your body.
You block the steelbarb worm's attack.
There is an open door to the Spider Nest here.
You see here 45 gold pieces.
Unknown command.
You slash the steelbarb worm!
You feel better.
The steelbarb worm is moderately wounded.
The steelbarb worm hits you but does no damage.
Unknown command.
You closely miss the steelbarb worm.
The steelbarb worm is moderately wounded.
The steelbarb worm hits you but does no damage.
Unknown command.
You slash the steelbarb worm!
You feel better.
The steelbarb worm is heavily wounded.
The steelbarb worm hits you but does no damage.
The spark wasp stings you but does no damage.
The culicivora is distracted by your dazzling golden aura.
Unknown command.
The culicivora hisses angrily.
You slash the spark wasp!
You feel better.
The spark wasp is almost dead.
The steelbarb worm hits you!
Barbed spikes become lodged in your body.
The spark wasp barely misses you. The steelbarb worm closely misses you.
The meliai mumbles some strange prayers to its god against you.
Something smites you!
Unknown command.
You closely miss the spark wasp.
The spark wasp is almost dead.
The spark wasp stings you! The spark wasp shocks you!
* * * LOW HITPOINT WARNING * * *
The moth of wrath goads the steelbarb worm on!
The steelbarb worm goes berserk!
The moth of wrath goads the torpor snail on!
The torpor snail goes berserk!
The spark wasp stings you!!
You die...
Your body crumbles into a pile of gold.

.▓.▓'▓.▓.▓.▓.▓.▓.▓
.▓.▓.▓.▓.▓.▓.▓.▓.▓
.▓.▓.▓.▓.▓.▓'▓.▓.▓
'▓.▓.▓.▓.▓.▓.▓.▓.▓
.▓.▓.▓.▓.▓.▓.▓.▓.▓
.▓.▓.▓.▓.▓.▓.▓.▓.▓
.▓.▓.▓.▓'▓.▓=▓.▓.▓
.▓.▓.▓.▓)▓.▓.▓.▓y▓
.▓.▓(▓.▓)▓.▓)▓.▓@▓
'▓.▓.▓.▓)▓.▓)▓.▓w▓
_▓.▓.▓)▓)▓.▓)▓.▓y▓
_▓.▓.▓.▓)▓.▓)▓.▓w▓
_▓.▓.▓.▓)▓.▓)▓.▓y▓
_▓.▓.▓.▓.▓.▓)▓.▓s▓
_▓.▓'▓.▓)▓.▓)▓.▓s▓
_▓.▓.▓.▓)▓.▓)▓.▓.▓
_▓.▓.▓.▓.▓.▓.▓.▓


You could see a steelbarb worm (berserk), a spark wasp, a torpor snail
(berserk), a moth of wrath, a culicivora, a tarantella and a meliai.

Vanquished Creatures
  A frost giant (D)
  An ettin (D)
  2 fire dragons (D)
  3 hydras (D)
  Erolcha (D)
  Harold (D)
  2 ice dragons (D)
  4 centaur warriors (D)
  An orc high priest (D)
  An orb spider (D)
  9 orc knights (D)
  A deep elf pyromancer (D)
  An ugly thing (D)
  3 cyclopes (D)
  4 black mambas (D)
  3 cane toads (D)
  A rime drake (D)
  A komodo dragon (D)
  A tengu conjurer (D)
  A polar bear (D)
  A slime creature (D)
  A jumping spider (shapeshifter) (D)
  2 yaks (D)
  A wyvern (D)
  A shadow (D)
  Eustachio (D)
  4 hell hounds (D)
  An acid dragon (D)
  A water moccasin (D)
  16 orc warriors (D)
  A black bear (D)
  5 wolves (D)
  A phantom (D)
  2 bullfrogs (D)
  A wight (D)
  A howler monkey (D)
  3 orc priests (D)
  4 orc wizards (D)
  An adder (D)
  An adder zombie (D)
  7 orcs (D)
  A giant cockroach (D)
  A quokka (D)
  A ball python (D)
  A ball python zombie (D)
  A kobold (D)
  2 rats (D)
105 creatures vanquished.

Notes
Turn   | Place    | Note
-------+----------+-------------------------------------------
     0 | D        | mhtbhm the Human Fighter began the quest for the Orb.
     0 | D        | Reached XP level 1. HP: 18/18 MP: 1/1
    34 | D        | Noticed a phantom
    34 | D        | Noticed a black bear
    39 | D        | Killed a phantom
    40 | D        | Reached skill level 5 in Fighting
    40 | D        | Reached skill level 4 in Long Blades
    40 | D        | Reached skill level 5 in Armour
    40 | D        | Reached skill level 5 in Shields
    40 | D        | Reached XP level 2. HP: 27/27 MP: 2/2
    40 | D        | Reached XP level 3. HP: 33/33 MP: 3/3
    40 | D        | Reached XP level 4. HP: 39/39 MP: 4/4
    50 | D        | Killed a black bear
    51 | D        | Reached skill level 5 in Long Blades
    51 | D        | Reached XP level 5. HP: 26/46 MP: 5/5
    64 | D        | Found a snail-covered altar of Cheibriados.
    64 | D        | Found a shadowy altar of Dithmenos.
    64 | D        | Found a white marble altar of Elyvilon.
    64 | D        | Found a blossoming altar of Fedhas.
    64 | D        | Found an opulent altar of Gozag.
    65 | D        | Found a hazy altar of Hepliaklqana.
    66 | D        | Found a viscous altar of Jiyva.
    67 | D        | Found an ancient bone altar of Kikubaaqudgha.
    68 | D        | Found a corrupted altar of Lugonu.
    69 | D        | Found a burning altar of Makhleb.
    70 | D        | Found a sparkling altar of Nemelex Xobeh.
    71 | D        | Found an iron altar of Okawaru.
    74 | D        | Became a worshipper of Gozag Ym Sagoz the Greedy
    75 | D        | Found a stormy altar of Qazlal.
    76 | D        | Found a sacrificial altar of Ru.
    77 | D        | Found a shimmering blue altar of Sif Muna.
    78 | D        | Found a bloodstained altar of Trog.
    79 | D        | Found a hide-covered altar of Uskayaw.
    80 | D        | Found a radiant altar of Vehumet.
    81 | D        | Found an ornate altar of the Wu Jian Council.
    82 | D        | Found a shimmering altar of Xom.
    83 | D        | Found a basalt altar of Yredelemnul.
    84 | D        | Found a glowing silver altar of Zin.
    85 | D        | Found a glowing golden altar of the Shining One.
   223 | D        | Noticed a yak
   223 | D        | Noticed a shadow
   233 | D        | Killed a yak
   234 | D        | Reached skill level 7 in Long Blades
   234 | D        | Reached skill level 1 in Dodging
   234 | D        | Reached XP level 6. HP: 44/55 MP: 6/6
   236 | D        | Reached XP level 7. HP: 49/60 MP: 7/7
   246 | D        | Killed a shadow
   247 | D        | Reached skill level 8 in Long Blades
   367 | D        | Noticed a cyclops
   367 | D        | Noticed an acid dragon
   367 | D        | Noticed a brown ugly thing
   367 | D        | Noticed a cyclops
   367 | D        | Noticed a centaur warrior
   367 | D        | Noticed a centaur warrior
   372 | D        | Killed a cyclops
   373 | D        | Reached skill level 10 in Long Blades
   373 | D        | Reached XP level 8. HP: 27/69 MP: 8/8
   397 | D        | Killed a brown ugly thing
   398 | D        | Reached skill level 1 in Stealth
   719 | D        | Reached skill level 11 in Long Blades
   719 | D        | Reached skill level 10 in Armour
   729 | D        | Killed a cyclops
   730 | D        | Reached XP level 9. HP: 12/76 MP: 9/9
   736 | D        | HP: 2/76 [centaur warrior (11)]
   743 | D        | Killed a centaur warrior
   744 | D        | Reached skill level 12 in Long Blades
   746 | D        | HP: 1/78 [centaur warrior (5)]
   751 | D        | Killed a centaur warrior
   752 | D        | Reached skill level 10 in Fighting
   752 | D        | Reached skill level 13 in Long Blades
   752 | D        | Reached skill level 5 in Dodging
   752 | D        | Reached XP level 10. HP: 14/85 MP: 10/10
  1147 | D        | Found the +8 demon blade "Leech" {vamp, Harm Drain rN+}
  1180 | D        | Noticed a cane toad
  1180 | D        | Noticed a cane toad
  1180 | D        | Noticed a black mamba
  1184 | D        | Noticed a rime drake
  1187 | D        | Killed a cane toad
  1190 | D        | Killed a cane toad
  1191 | D        | Reached skill level 14 in Long Blades
  1201 | D        | Killed a black mamba
  1206 | D        | Killed a rime drake
  1337 | D        | Noticed a black mamba
  1337 | D        | Noticed an eight-headed hydra
  1337 | D        | Noticed a black mamba
  1337 | D        | Noticed a cane toad
  1337 | D        | Noticed a komodo dragon
  1338 | D        | Noticed an eight-headed hydra
  1608 | D        | Killed a 13-headed hydra
  1609 | D        | Reached skill level 15 in Long Blades
  1611 | D        | Killed a black mamba
  1612 | D        | Reached XP level 11. HP: 95/95 MP: 11/11
  1686 | D        | Reached skill level 1 in Evocations
  1760 | D        | Killed a nine-headed hydra
  1932 | D        | Reached skill level 16 in Long Blades
  1932 | D        | Reached skill level 10 in Shields
  2062 | D        | Noticed Harold
  2073 | D        | Killed Harold
  2190 | D        | Noticed Eustachio
  2197 | D        | Killed Eustachio
  2206 | D        | Noticed Erolcha
  2213 | D        | Killed Erolcha
  2250 | D        | Noticed an orc knight
  2263 | D        | Killed an orc knight
  2411 | D        | Noticed an orc knight
  2438 | D        | Killed an orc knight
  2439 | D        | Reached XP level 12. HP: 107/107 MP: 12/12
  2444 | D        | Noticed an orc high priest
  2451 | D        | Noticed a soul eater
  2472 | D        | Killed an orc high priest
  2473 | D        | Reached skill level 17 in Long Blades
  2566 | D        | Found Riupyaf's Assorted Antiques.
  2571 | D        | Found Feraavam's Weapon Shoppe.
  2584 | D        | Reached skill level 15 in Fighting
  2585 | D        | Found Yhecw's Armour Emporium.
  2594 | D        | Found Pagom's Distillery.
  2627 | D        | Reached skill level 5 in Stealth
  2812 | D        | Bought a coiled lead ring for 110 gold pieces
  2812 | D        | Identified the ring "Ricuj" {rPois EV+4} (You bought it in
                  | a shop in the Dungeon)
  2821 | D        | Bought a potion of heal wounds for 55 gold pieces
  2821 | D        | Bought a potion of heal wounds for 55 gold pieces
  2821 | D        | Bought 2 potions of might for 88 gold pieces
  2821 | D        | Bought a potion of attraction for 33 gold pieces
  2827 | D        | Bought 2 scrolls of enchant armour for 330 gold pieces
  2827 | D        | Bought a scroll labelled AQO BYONYI for 22 gold pieces
  2827 | D        | Bought a potion of resistance for 220 gold pieces
  2827 | D        | Bought a potion of curing for 66 gold pieces
  2827 | D        | Bought a scroll labelled NEISISCHA LOKHUC for 22 gold
                  | pieces
  3008 | D        | Bought the +0 pair of fencer's gloves {Riposte Dex+3} for
                  | 680 gold pieces
  3008 | D        | Found the +0 pair of fencer's gloves {Riposte Dex+3}
  3014 | D        | Bought a +2 plate armour of cold resistance for 680 gold
                  | pieces
  3021 | D        | Noticed a centaur warrior
  3021 | D        | Noticed a centaur warrior
  3021 | D        | Noticed an eight-headed hydra
  3030 | D        | Killed a centaur warrior
  3031 | D        | Reached skill level 10 in Dodging
  3034 | D        | Killed a centaur warrior
  3035 | D        | Reached skill level 18 in Long Blades
  3035 | D        | Noticed an ice dragon
  3043 | D        | Killed a 12-headed hydra
  3045 | D        | Noticed a frost giant
  3053 | D        | Noticed a fire dragon
  3063 | D        | Noticed an ettin
  3065 | D        | Noticed an ice dragon
  3072 | D        | Reached XP level 13. HP: 119/119 MP: 13/13
  3072 | D        | Noticed a fire dragon
  3081 | D        | Killed an ice dragon
  3092 | D        | Killed a frost giant
  3099 | D        | Killed a fire dragon
  3104 | D        | Killed an ettin
  3105 | D        | Reached skill level 19 in Long Blades
  3116 | D        | Killed an ice dragon
  3121 | D        | Killed a fire dragon
  3259 | D        | Noticed a spark wasp
  3273 | D        | Slain by a spark wasp

Illustrated notes

Levels and vault maps discovered:
D:        linesprint [early_d, line_temple, items_1, d_10, items_2, lair_1,
          lair_end, items_3, orc_1, orc_end, items_4, d_15, swamp_1, shoals_1,
          snake_1, spider_1, d_20, vaults_1, items_5, swamp_end, shoals_end,
          snake_end, spider_end, vaults_end, d_27, items_6, zot_1, zot_end,
          crypt_end, forest_end, elf_end, slime_end, tomb_end, abyss_end,
          pan_hell_end]

Skill      XL: |  1  2  3  4  5  6  7  8  9 10 11 12 13 |
---------------+----------------------------------------+-----
Fighting       | 5 6 7 8 9 10 11 14 16 17 | 17.6
Long Blades    | 4 5 7 10 11 13 15 16 18 19 | 19.3
Armour         | 5 6 7 9 10 11 12 13 14 | 14.2
Shields        | 5 6 7 8 9 10 11 12 | 12.0
Dodging        | 1 2 3 5 6 9 10 | 10.5
Stealth        | 2 3 4 5 6 |  6.2
Evocations     | 3 |  3.1

Action                   |  1- 3 |  4- 6 |  7- 9 | 10-12 | 13-15 || total
-------------------------+-------+-------+-------+-------+-------++-------
Melee: Long sword        |    15 |    18 |       |       |       ||    33
       Scimitar          |       |    11 |    57 |       |       ||    68
       Demon blade       |       |       |       |   260 |    57 ||   317
Invok: Potion Petition   |       |       |     1 |     1 |       ||     2
       Call Merchant     |       |       |       |     1 |       ||     1
Evoke: Wand              |       |       |       |     6 |       ||     6
  Use: Potion            |     1 |     1 |     9 |     3 |       ||    14
       Scroll            |       |       |     1 |     1 |       ||     2
 Stab: Invisible         |       |       |     2 |       |       ||     2
       Distracted        |       |       |       |     4 |     1 ||     5
Armor: Scale mail        |     5 |    12 |    24 |    31 |       ||    72
       Skin              |       |       |       |    31 |       ||    31
       Plate armour      |       |       |       |    17 |    18 ||    35
Dodge: Dodged            |     5 |    14 |    24 |    90 |    26 ||   159
Block: Buckler           |     3 |     9 |    20 |    48 |     6 ||    86

Table legend: (Time is in decaauts)
 A = Elapsed time spent in this place.
 B = Non-inter-level travel time spent in this place.
 C = Inter-level travel time spent in this place.
 D = Time resting spent in this place.
 E = Time spent auto-exploring this place.
 F = Levels seen in this place.
 G = Mean time per level.
                   A        B        C        D        E       F      G
               +--------+--------+--------+--------+--------+-----+--------+
         Total |   3140 |   3140 |      0 |   1391 |    638 |   1 | 3140.0 |
       Dungeon |   3140 |   3140 |      0 |   1391 |    638 |   1 | 3140.0 |
               +--------+--------+--------+--------+--------+-----+--------+

Top non-repeatable levels by time:
       D: 3140 daAuts
